AoeStats
← Bullsey59

Nomad

504597426Analyzed
2v2 RM · 25d ago on Sep 5, 2026· 37m 52s· 4 players
Game mode
Random Map
Map size
176×176
Population
200
Speed
Normal
Resources
Standard
Victory
Conquest
Starting age
Dark Age
Ending age
Imperial Age
RankedLock teamsTeams togetherTeam positionsShared explorationLock speedFull tech treeHidden civsTurbo modeCheats
Victory
Defeat
🇦🇷 Poles · Argentina
930
+15
🇫🇷 Byzantines · France
908
+15
🇩🇪 Bohemians · Germany
897
-42
🇩🇪 Franks · Germany
897
-42
cremolol
4:31 Loom
14:03 Feudal Age
17:59 Fishing Lines
20:47 Castle Age
20:05 Gold Mining
20:56 Horse Collar
21:24 Double-Bit Axe
21:31 Fletching
22:38 Bodkin Arrow
24:27 Scale Mail Armor
24:14 Pikeman
25:11 Padded Archer Armor
25:32 Stone Mining
29:51 Ballistics
29:58 Chain Mail Armor
32:41 Thumb Ring
34:40 Fervor
34:46 Forging
35:02 Bow Saw
36:02 Wheelbarrow
36:44 Heavy Plow
38:08 Gold Shaft Mining
41:00 Imperial Age
Chernestito
3:48 Loom
13:48 Feudal Age
14:30 Town Watch
14:29 Horse Collar
14:37 Double-Bit Axe
26:19 Castle Age
24:19 Stone Mining
24:20 Gold Mining
24:40 Scale Barding Armor
24:40 Scale Mail Armor
24:51 Forging
24:33 Fletching
27:37 Heavy Plow
27:41 Husbandry
27:52 Bloodlines
27:04 Light Cavalry
28:25 Bow Saw
29:18 Pikeman
29:59 Squires
30:28 Chain Barding Armor
30:04 Bodkin Arrow
30:25 Chain Mail Armor
33:04 Iron Casting
34:04 Ballistics
38:28 Imperial Age
36:22 Murder Holes
37:22 Town Patrol
Momo
5:04 Loom
13:54 Feudal Age
15:21 Double-Bit Axe
15:28 Horse Collar
19:15 Padded Archer Armor
19:07 Fletching
25:13 Castle Age
26:40 Bodkin Arrow
27:16 Bow Saw
28:04 Heavy Plow
31:24 Chemistry
30:03 Elite Skirmisher
Bullsey59
14:57 Feudal Age
20:41 Castle Age
20:23 Forging
24:37 Scale Barding Armor
28:02 Gold Mining
33:44 Fletching
36:29 Wheelbarrow
Connection lost

Rejoining the realm…

Still unreachable

The connection could not be restored.

Session expired

The server has moved on; the page needs a fresh start.